 Dungeon Crawl Stone Soup version 0.31.0-11-ge490571c62 (webtiles) character file.

Game seed: 17416850256340705162

47545 Gadfly the Grappler (level 14, -4/110 HPs)
             Began as a Demonspawn Monk on Feb 3, 2024.
             Was a High Priest of Ru.
             Slain by a spriggan
             ... wielding a +0 spear
              (13 damage)
             ... on level 5 of the Lair of Beasts.
             The game lasted 00:27:16 (17309 turns).

Gadfly the Grappler (Demonspawn Monk)              Turns: 17309, Time: 00:27:16

Health: -4/110     AC:  8    Str: 17    XL:     14   Next: 9%
Magic:  14/14      EV: 32    Int: 14    God:    Ru [*****.]
Gold:   976        SH:  9    Dex: 16    Spells: 13/13 levels left

rFire   . . .        b - +11 Singing Sword {sonic wave}
rCold   . . .        (no shield)
rNeg    . . .        J - +3 leather armour
rPois   .            o - +0 helmet
rElec   .            m - scarf {repulsion}
rCorr   .            B - +0 pair of gloves
SInv    .            (no boots)
Will    .....        L - amulet of reflection
Stlth   +            l - +5 ring of evasion
HPRegen 0.38/turn    h - +5 ring of evasion
MPRegen 0.14/turn

%: repel missiles, reflection, clarity, wizardry (x1)
@: agile
A: dopey 1, powered by pain 3, hated by all, inability to train armour,
weak-willed 1, big brain 3, condensation shield, weakness stinger 1, clarity,
wild magic 1
a: Renounce Religion, Draw Out Power, Power Leap, Apocalypse


You were on level 5 of the Lair of Beasts.
You worshipped Ru.
Ru was extremely pleased with you.
You visited 3 branches of the dungeon, and saw 17 of its levels.
You also visited: Ossuary.

You collected 1030 gold pieces.
You spent 54 gold pieces at shops.

Inventory:

Hand Weapons
 b - the +11 Singing Sword (weapon) {sonic wave}
   (You found it on level 4 of the Dungeon)
 C - a +6 falchion of flaming
Armour
 m - a scarf of repulsion (worn)
 o - a +0 helmet (worn)
 B - a +0 pair of gloves (worn)
 E - a +0 robe of positive energy
 G - +0 steam dragon scales
 J - a +3 leather armour (worn)
 S - a +1 robe of cold resistance
Jewellery
 c - a ring of willpower
 e - a +6 ring of dexterity
 f - a +6 ring of dexterity
 h - a +5 ring of evasion (right hand)
 l - a +5 ring of evasion (left hand)
 s - the amulet of Vitality {RegenMP++ Regen++}
   (You found it on level 8 of the Dungeon)

   [amulet of magic regeneration]

   RegenMP:   It increases your rate of magic regeneration.
   Regen++:   It increases your rate of health regeneration.
 t - a ring of fire
 I - a ring of ice
 L - an amulet of reflection (around neck)
 R - a ring of ice
Wands
 n - a wand of flame (35) (quivered)
 p - a wand of paralysis (13)
 y - a wand of digging (4)
 H - a wand of roots (5)
 K - a wand of mindburst (5)
 Q - a wand of polymorph (6)
Scrolls
 a - a scroll of brand weapon
 k - 2 scrolls of enchant armour
 q - 4 scrolls of identify
 u - a scroll of enchant weapon
 v - 2 scrolls of vulnerability
 x - 2 scrolls of fear
 D - a scroll of poison
 F - 3 scrolls of blinking
 M - a scroll of teleportation
Potions
 d - 3 potions of might
 g - 2 potions of heal wounds
 i - 2 potions of ambrosia
 j - 3 potions of attraction
 r - 3 potions of enlightenment
 w - 2 potions of curing
 z - 2 potions of mutation
 A - a potion of cancellation
 N - a potion of lignification
 O - 6 potions of haste


   Skills:
 + Level 10.1 Fighting
 * Level 11.1 Dodging
 * Level 11.8 Unarmed Combat
 + Level 10.0 Evocations
 * Level 10.8 Shapeshifting


You had 13 spell levels left.
You didn't know any spells.
Your spell library contained the following spells:

 Spells                   Type           Power      Damage    Failure   Level
 Foxfire                  Conj/Fire      0%         2x1d4     19%         1
 Magic Dart               Conj           0%         1d3       19%         1
 Cigotuvi's Dreadful Rot  Necr/Alch/Air  0%         N/A       26%         2
 Searing Ray              Conj           0%         2d4       26%         2
 Sublimation of Blood     Necr           0%         N/A       26%         2
 Gell's Gravitas          Tloc           0%         N/A       45%         3
 Teleport Other           Tloc           0%         N/A       45%         3
 Cause Fear               Hex            0%         N/A       82%         4
 Dimensional Bullseye     Hex/Tloc       0%         N/A       82%         4
 Dispel Undead            Necr           0%         3d6       82%         4
 Fulminant Prism          Conj/Alch      0%         3d5       82%         4
 Iskenderun's Mystic Bla  Conj/Tloc      0%         2d3       82%         4
 Passage of Golubria      Tloc           0%         N/A       82%         4
 Petrify                  Alch/Erth      0%         N/A       82%         4
 Vhi's Electric Charge    Tloc/Air       0%         N/A       82%         4
 Arcjolt                  Conj/Air       0%         1d10      98%         5
 Fireball                 Conj/Fire      0%         3d3       98%         5
 Irradiate                Conj/Alch      0%         3d11      98%         5
 Yara's Violent Unravell  Hex/Alch       0%         3d3       98%         5
 Dispersal                Tloc           0%         N/A       100%        6
 Plasma Beam              Fire/Air       0%         2x1d10    100%        6
 Starburst                Conj/Fire      0%         6d3       100%        6
 Tukima's Dance           Hex            Unusable   N/A       N/A         3
 Martyr's Knell           Necr/Summ      Unusable   N/A       N/A         4
 Death Channel            Necr           Unusable   N/A       N/A         6
 Dragon's Call            Summ           Unusable   N/A       N/A         9

Dungeon Overview and Level Annotations

Branches:
Dungeon (11/15)            Temple (1/1) D:6            Lair (5/5) D:9
 Shoals (0/4) Lair:3        Snake (0/4) Lair:2          Orc (0/2) D:10
Ossuary (visited)
  Slime: Lair:4-5

Altars:
Ashenzari
Cheibriados
Dithmenos
Gozag
Kikubaaqudgha
Makhleb
Nemelex Xobeh
Okawaru
Qazlal
Ru
Sif Muna
Trog
Uskayaw
Vehumet
Wu Jian
Xom

Shops:
D:2 *=(:   D:6 *   D:7 :

Annotations:
D:11 3 runed translucent doors, Arctor's ghost, journeyman DEFE; Esekla's ghost, journeyman OpNe


Innate Abilities, Weirdness & Mutations

You are dopey. (Int -2)
You are powered by pain.
You are hated by all.
You cannot train Armour skill.
You are slightly weak-willed. (Will-)
You have an absolutely massive brain. (Int +6, Wiz)
A meltable shield of frost defends you. (SH +4)
You have a small tail.
You possess an exceptional clarity of mind.
Your spells are a little harder to cast, but a little more powerful.


Message History

You miss the spriggan rider. Your punch misses the spriggan rider.
The spriggan rider is heavily wounded.
You block the spriggan rider's attack.
You barely miss the spriggan rider.
The spriggan rider is heavily wounded.
The spriggan rider hits you with a +0 spear!! x2
* * * LOW HITPOINT WARNING * * *
You are too injured to fight recklessly!
You are too injured to fight recklessly!
You are too injured to fight recklessly!
You are too injured to fight recklessly!
You are too injured to fight recklessly!
You are too injured to fight recklessly!
You are too injured to fight recklessly!
You are too injured to fight recklessly!
You are too injured to fight recklessly!
You are too injured to fight recklessly!
You are too injured to fight recklessly!
You are too injured to fight recklessly!
You are too injured to fight recklessly!
You are too injured to fight recklessly!
You are too injured to fight recklessly!
You are too injured to fight recklessly!
You are too injured to fight recklessly!
You are too injured to fight recklessly!
You are too injured to fight recklessly!
The water moccasin hisses angrily.
You slice the spriggan rider!!
You kill the hornet!
The spriggan falls from its now dead mount.
The spriggan is heavily wounded.
You block the spriggan's attack.
A spriggan comes into view. It is wielding a +0 rapier.
The spriggan hits you from afar with a +0 spear!
* * * LOW HITPOINT WARNING * * *
The spriggan attacks as it pursues you!
The spriggan hits you but does no damage.
The spriggan shouts!
The spriggan hits you from afar with a +0 spear!
You die...

.####.iFD##..........###.....##..
.........##..........##.....P#...
........###..........+.+....##...
........##...........#...##.##...
#..#....#.###...##...####..##....
..........###.###.....##.....##.#
...........##...................#
..........i.....................#
..............i.@†<.............#
............†...S................
...#...........................P#
####............................P
......#.+#.................P..
##....#.#..........#..#....##.P .
#.....#......#....#####..
......##.....#..[...##..# .
#.?..##.............#..#


You could see a water moccasin and 2 spriggans.

Vanquished Creatures
  Fannar (Lair:2)
  A hydra (Lair:5)
  4 death yaks (Lair:4)
  2 skysharks
  3 deep trolls (D:8)
  2 lindwurms
  2 oklob plants
  Joseph (D:7)
  10 black mambas
  2 elephants
  13 cane toads
  An unseen horror (D:11)
  Jeremiah (D:7)
  4 rime drakes
  13 komodo dragons
  3 trolls
  2 polar bears
  10 hornets
  21 blink frogs
  12 dream sheep
  14 spriggans
  2 wyverns
  38 yaks
  3 basilisks
  A steam dragon (D:9)
  2 vampire mosquitoes (D:10)
  10 water moccasins
  5 orc warriors
  2 sky beasts
  3 boggarts
  4 black bears
  2 ogres (D:6)
  12 wolves
  2 centaurs (D:9)
  3 phantoms
  A weeping skull (Ossuary)
  A kobold brigand (D:8)
  16 bullfrogs
  A gnoll sergeant (D:5)
  10 scorpions
  4 wights (D:6)
  4 electric eels
  A howler monkey (D:10)
  3 jellies
  3 lava snakes (Lair:4)
  6 bombardier beetles
  6 hounds
  13 orc priests
  A gnoll bouda (D:6)
  3 iguanas
  2 sleepcaps
  19 orc wizards
  A bullfrog simulacrum (Ossuary)
  A crocodile zombie (Ossuary)
  2 mummies (Ossuary)
  7 gnolls
  16 adders
  A shadow imp (D:6)
  2 white imps (D:6)
  4 adder zombies (Ossuary)
  10 dart slugs
  2 ribbon worms
  72 orcs
  5 ball pythons
  8 endoplasms
  6 giant cockroaches
  9 gnoll zombies (Ossuary)
  7 goblins
  11 hobgoblins
  4 jackals (D:3)
  5 quokkas
  13 bats
  5 frilled lizards
  5 jackal zombies (Ossuary)
  14 kobolds
  4 orc zombies (Ossuary)
  2 rats
521 creatures vanquished.

Vanquished Creatures (others)
  Snorg (Lair:3)
  A cane toad (Lair:1)
  A boggart (Lair:3)
  A wolf (Lair:2)
  An electric eel (Lair:4)
5 creatures vanquished.

Grand Total: 526 creatures vanquished

Notes
Turn   | Place    | Note
-------+----------+-------------------------------------------
     0 | D:1      | Gadfly the Demonspawn Monk began the quest for the Orb.
     0 | D:1      | Reached XP level 1. HP: 18/18 MP: 1/1
   155 | D:1      | Gained mutation: You sometimes gain a little power by
                  | taking damage. [demonic ancestry]
   155 | D:1      | Reached XP level 2. HP: 19/24 MP: 2/2
   496 | D:1      | Reached skill level 1 in Evocations
   661 | D:1      | Reached skill level 1 in Shapeshifting
   673 | D:1      | Gained mutation: You have a small tail. [demonic ancestry]
   673 | D:1      | Reached XP level 3. HP: 11/29 MP: 3/3
   980 | D:2      | Found Inke Vue's Jewellery Shoppe.
  1044 | D:2      | Found Nushraj's Antique Weapon Shoppe.
  1221 | D:2      | Found Yhyolask's Book Shoppe.
  1251 | D:2      | Found Papsammi's Assorted Antiques.
  1261 | D:2      | Gained mutation: You possess an exceptional clarity of
                  | mind. [potion of mutation]
  1261 | D:2      | Gained mutation: Your spells are a little harder to cast,
                  | but a little more powerful. [potion of mutation]
  1283 | D:2      | Gained mutation: You sometimes gain power by taking damage.
                  | [demonic ancestry]
  1283 | D:2      | Reached XP level 4. HP: 35/35 MP: 4/4
  1805 | D:3      | Reached XP level 5. HP: 36/41 MP: 5/5
  2445 | D:4      | Paralysed by an orc for 2 turns
  2496 | D:4      | Reached XP level 6. HP: 47/47 MP: 6/6
  2727 | D:4      | Found a sand-covered staircase.
  2745 | Ossuary  | Entered an ossuary
  2915 | Ossuary  | Reached XP level 7. HP: 27/52 MP: 7/7
  3125 | D:4      | Identified the +6 scale mail of Vovoe {rF++ rN+ Slay+3}
  3614 | D:4      | Reached skill level 5 in Unarmed Combat
  3614 | D:4      | Reached skill level 5 in Evocations
  3614 | D:4      | Reached skill level 5 in Shapeshifting
  3614 | D:4      | Reached XP level 8. HP: 52/65 MP: 8/8
  3736 | D:4      | Found the +11 Singing Sword {sonic wave}
  3883 | D:5      | Entered Level 5 of the Dungeon
  4008 | D:5      | Found a stormy altar of Qazlal.
  4014 | D:5      | Reached XP level 9. HP: 71/71 MP: 9/9
  4752 | D:6      | Found an ancient bone altar of Kikubaaqudgha.
  4892 | D:6      | Found a staircase to the Ecumenical Temple.
  4901 | Temple   | Entered the Ecumenical Temple
  5030 | D:6      | Found an ornate altar of the Wu Jian Council.
  5117 | D:6      | Found Loking's Assorted Antiques.
  5126 | D:6      | Bought a scroll labelled SUIWNEH AHYZE for 27 gold pieces
  5126 | D:6      | Bought a scroll labelled FYSU ESSUU for 27 gold pieces
  5783 | D:7      | Noticed Joseph
  5783 | D:7      | Noticed Jeremiah
  5946 | D:7      | Killed Joseph
  6054 | D:6      | Gained mutation: A meltable shield of frost defends you.
                  | (SH +4) [demonic ancestry]
  6054 | D:6      | Reached XP level 10. HP: 54/78 MP: 10/10
  6308 | D:7      | Killed Jeremiah
  6309 | D:7      | Identified the +6 scale mail "Pioxiss" {Fly}
  6494 | D:7      | Found Xyplumuw's Book Shop.
  6606 | D:7      | Found a burning altar of Makhleb.
  6710 | D:7      | Found a hide-covered altar of Uskayaw.
  6898 | D:7      | You fall into a shaft and drop 2 floors!
  6987 | D:9      | Found a bloodstained altar of Trog.
  7218 | D:8      | Found a transporter.
  7222 | D:8      | Found a transporter.
  7251 | D:8      | Found a shadowy altar of Dithmenos.
  8082 | D:8      | Noticed a deep troll
  8082 | D:8      | Noticed a deep troll
  8083 | D:8      | Noticed a deep troll
  8086 | D:8      | Killed a deep troll
  8087 | D:8      | Killed a deep troll
  8088 | D:8      | Killed a deep troll
  8089 | D:8      | Gained mutation: You have an unusually large brain. (Int
                  | +2) [demonic ancestry]
  8089 | D:8      | Reached XP level 11. HP: 51/85 MP: 11/11
  8089 | D:8      | Found the amulet of Vitality {RegenMP++ Regen++}
  8828 | D:9      | Found a blossoming altar of Fedhas.
  8842 | D:9      | Noticed an oklob plant
  8865 | D:9      | Killed an oklob plant
  8950 | D:9      | Found a staircase to the Lair.
  9082 | D:9      | Found a radiant altar of Vehumet.
  9474 | D:10     | Entered Level 10 of the Dungeon
  9484 | D:10     | Found a staircase to the Orcish Mines.
  9628 | D:10     | Found a sacrificial altar of Ru.
  9640 | D:10     | Became a worshipper of Ru the Awakened
  9655 | D:10     | Gained mutation: You are hated by all. [Ru sacrifice]
  9655 | D:10     | Reached * piety under Ru
  9655 | D:10     | Reached ** piety under Ru
  9857 | D:10     | Found a broken altar of Ashenzari.
  9949 | D:10     | Found a snail-covered altar of Cheibriados.
  9982 | D:10     | Found an iron altar of Okawaru.
 10191 | D:11     | Noticed Arctor's ghost (journeyman DEFE)
 10191 | D:11     | Found a runed translucent gate.
 10191 | D:11     | Found a runed translucent gate.
 10191 | D:11     | Found a runed translucent gate.
 10194 | D:11     | Noticed Esekla's ghost (journeyman OpNe)
 10274 | Lair:1   | Entered Level 1 of the Lair of Beasts
 10968 | Lair:1   | Gained mutation: You are powered by pain. [demonic
                  | ancestry]
 10968 | Lair:1   | Reached XP level 12. HP: 94/94 MP: 12/12
 11913 | Lair:2   | Reached skill level 10 in Unarmed Combat
 12177 | Lair:2   | Gained mutation: You are slightly weak-willed. (Will-) [Ru
                  | sacrifice]
 12177 | Lair:2   | Reached *** piety under Ru
 12327 | Lair:2   | Found a staircase to the Snake Pit.
 12327 | Lair:2   | Noticed Fannar
 12341 | Lair:2   | Killed Fannar
 13806 | Lair:3   | Gained mutation: You cannot train Armour skill. [Ru
                  | sacrifice]
 13806 | Lair:3   | Reached **** piety under Ru
 13960 | Lair:3   | Found a staircase to the Shoals.
 14003 | Lair:3   | Gained mutation: You have an extremely huge brain. (Int +4)
                  | [demonic ancestry]
 14003 | Lair:3   | Reached XP level 13. HP: 101/101 MP: 13/13
 14083 | Lair:3   | Reached skill level 10 in Dodging
 14394 | Lair:3   | Reached skill level 10 in Shapeshifting
 14719 | Lair:3   | Noticed Snorg
 14727 | Lair:3   | Killed Snorg
 14934 | Lair:3   | Identified the +8 spear "Onop" {heavy, rC- Will+ Dex+3}
 16356 | Lair:4   | Gained mutation: You are dopey. (Int -2) [Ru sacrifice]
 16356 | Lair:4   | Reached ***** piety under Ru
 16648 | Lair:5   | Entered Level 5 of the Lair of Beasts
 16953 | Lair:5   | Reached skill level 10 in Fighting
 16972 | Lair:5   | Gained mutation: You have an absolutely massive brain. (Int
                  | +6, Wiz) [demonic ancestry]
 16972 | Lair:5   | Reached XP level 14. HP: 59/110 MP: 14/14
 16981 | Lair:5   | Reached skill level 10 in Evocations
 17309 | Lair:5   | Slain by a spriggan

Illustrated notes

Levels and vault maps discovered:
D:1:      lightli_iron_boxes, layout_basic
D:2:      layout_loops_ring, serial_shops, shop, nicolae_book_shop_shelving,
          shop, nicolae_shop_advertising_works [nicolae_subvault_shop_adworks]
D:3:      layout_loops_ring, kennysheep_generic_room_15
D:4:      old_forge, layout_basic, lemuel_coloured_pillars_altar,
          enter_ossuary_1
D:5:      kennysheep_slugbush, layout_basic, nicolae_qazlal_beasts_of_the_sky,
          hangedman_decor_points, kennysheep_generic_room_13
D:6:      layout_basic, general_overflow_altar, amcnicky_altar_gilded,
          minmay_temple_entry_sparse_star, serial_shops, shop, minmay_bent
D:7:      layout_basic, mainiacjoe_overflow_alcove_2,
          mainiacjoe_overflow_brackets, serial_shops, shop, uniq_joseph,
          uniq_jeremiah
D:8:      gammafunk_beogh_shrine, layout_loops_ring,
          grunt_dithmenos_smoke_and_mirrors,
          hellmonk_guarded_unrand_vitality_bloodlust
D:9:      layout_stronghold, vehumet_altar_wand_db, tgw_fedhas,
          trog_ov_bears_minmay, lair_entry_dummy
D:10:     layout_irregular_city, nicolae_ru_great_annihilating_truth,
          mainiacjoe_overflow_24_doors, mainiacjoe_overflow_catwalk,
          cheibriados_altar_1, yredelemnul_altar_generic, david_orc_5
D:11:     layout_roguey, gammafunk_ghost_cemetery, serial_shops,
          nicolae_inconvenience_store, nicolae_specific_store
Temple:   nicolae_temple_little_seven
Lair:1:   layout_cave_pods, st_stairs_10
Lair:2:   layout_layer_cave, dummy_snake_entry, uniq_fannar
Lair:3:   kb_forest_paths, layout_big_grid, shoals_dummy_entry,
          pdpol_lair_cavern_descent, uniq_snorg
Lair:4:   layout_roguey, nicolae_lair_liquid_snakes
Lair:5:   minmay_lair_end_enchanted_forest, layout_regular_city, slime_entry_1,
          st_stairs_8

Skill      XL: |  1  2  3  4  5  6  7  8  9 10 11 12 13 14 |
---------------+-------------------------------------------+-----
Evocations     | 1 2 3 5 6 7 8 9 10 | 10.0
Unarmed Combat | 3 4 7 8 9 10 11 | 11.8
Shapeshifting  | 1 2 5 6 7 8 9 10 | 10.8
Dodging        | 3 6 7 8 9 11 | 11.1
Fighting       | 6 7 8 9 10 | 10.1

Action                     |  1- 3 |  4- 6 |  7- 9 | 10-12 | 13-15 || total
---------------------------+-------+-------+-------+-------+-------++-------
  Melee: Unarmed           |   137 |    14 |       |    11 |    21 ||   183
         Tailslap          |     5 |    31 |    28 |    57 |    37 ||   158
         Dagger            |       |   187 |    76 |       |       ||   263
         Double sword      |       |       |   106 |   404 |   235 ||   745
         Punch             |       |       |       |    12 |    19 ||    31
         Falchion          |       |       |       |       |     8 ||     8
 Invoke: Sacrifice Love    |       |       |       |     1 |       ||     1
         Sacrifice Essence |       |       |       |     1 |       ||     1
         Sacrifice Durabil |       |       |       |     1 |       ||     1
         Sacrifice Purity  |       |       |       |       |     1 ||     1
  Evoke: Wand              |       |       |       |     3 |     3 ||     6
    Use: Scroll            |     4 |     2 |    14 |     7 |     1 ||    28
         Potion            |     1 |     1 |     4 |     1 |     2 ||     9
   Stab: Paralysed         |       |       |       |     1 |     3 ||     4
         Sleeping          |       |       |       |       |     1 ||     1
 Armour: Robe              |    54 |    51 |    50 |    26 |       ||   181
         Steam dragon scal |       |       |       |    21 |       ||    21
         Leather armour    |       |       |       |   130 |   146 ||   276
  Dodge: Dodged            |    94 |   165 |   250 |   630 |   469 ||  1608
         Repelled          |       |       |     6 |     6 |    10 ||    22
  Block: Other             |       |       |       |    37 |    85 ||   122
